 Dungeon Crawl Stone Soup version 0.24.0-13-gcf9b319 (webtiles) character file.

Game seed: 15869771897788489416, levelgen mode: deterministic

41937 Fang the Fighter (level 14, -5/92 HPs)
             Began as a Gargoyle Berserker on Dec 9, 2019.
             Was an Elder of Trog.
             Slain by a 20-headed hydra (6 damage)
             ... on level 5 of the Lair of Beasts.
             The game lasted 00:23:55 (19614 turns).

Fang the Fighter (Gargoyle Berserker)              Turns: 19614, Time: 00:23:55

Health: -5/92      AC: 31    Str: 25    XL:     14   Next: 17%
Magic:  14/14      EV:  8    Int:  9    God:    Trog [****..]
Gold:   1059       SH: 18    Dex:  9    Spells: 13/13 levels left

rFire    + . .     SeeInvis .   a - +2 war axe
rCold    + . .     Gourm    .   B - +0 large shield
rNeg     + . .     Faith    .   b - +0 plate armour
rPois    ∞         Spirit   .   I - +1 helmet
rElec    +         Reflect  .   w - +1 cloak
rCorr    .         Harm     .   (no gloves)
MR       +....                  (no boots)
Stlth    ..........             H - amulet of the acrobat
HPRegen  0.25/turn              h - ring of protection from fire
MPRegen  0.14/turn              n - ring of protection from cold

@: marked, berserk cooldown, flying, slowed, very slow
A: big wings, negative energy resistance 1, electricity resistance, unbreathing,
petrification resistance, rot immunity, AC +10
a: Stop Flying, Berserk, Trog's Hand, Brothers in Arms, Renounce Religion


You were on level 5 of the Lair of Beasts.
You worshipped Trog.
Trog was greatly pleased with you.
You were hungry.

You visited 4 branches of the dungeon, and saw 19 of its levels.
You also visited: Gauntlet.

You collected 1139 gold pieces.
You spent 80 gold pieces at shops.

Inventory:

Hand Weapons
 a - a +2 war axe (weapon)
Armour
 b - a +0 plate armour (worn)
 w - a +1 cloak (worn)
 B - a +0 large shield (worn)
 I - a +1 helmet (worn)
Jewellery
 h - a ring of protection from fire (left hand)
 n - a ring of protection from cold (right hand)
 H - an amulet of the acrobat (around neck)
Wands
 f - a wand of clouds (5)
 p - a wand of disintegration (17)
 s - a wand of digging (8)
 D - a wand of paralysis (24)
 E - a wand of scattershot (6)
 F - a wand of iceblast (8)
 G - a wand of flame (20)
 J - a wand of random effects (11)
Scrolls
 d - 3 scrolls of magic mapping
 g - a scroll of summoning
 i - 3 scrolls of fear
 j - 4 scrolls of remove curse
 o - 8 scrolls of teleportation
 y - 2 scrolls of blinking
 A - 3 scrolls of fog
Potions
 e - 7 potions of curing
 k - 5 potions of invisibility
 l - 10 potions of heal wounds
 q - 2 potions of might
 r - 5 potions of mutation
 u - 2 potions of resistance
 v - 2 potions of ambrosia
 x - 2 potions of agility
 z - 5 potions of haste
 C - 2 potions of berserk rage
Comestibles
 c - 24 rations


   Skills:
 + Level 12.3 Fighting
 + Level 10.6 Axes
 + Level 12.2 Armour
 + Level 9.5 Dodging
 + Level 11.2 Shields


You had 13 spell levels left.
You didn't know any spells.
Your spell library was empty.

Dungeon Overview and Level Annotations

Branches:
Dungeon (12/15)            Temple (1/1) D:4            Lair (5/6) D:9
  Swamp (1/4) Lair:3        Snake (0/4) Lair:2        Slime (0/5) Lair:5
    Orc (0/2) D:10        Gauntlet (visited)

Altars:
Ashenzari
Cheibriados
Dithmenos
Elyvilon
Hepliaklqana
Nemelex Xobeh
Okawaru
Ru
Xom
Yredelemnul
Jiyva

Shops:
D:8 *   D:9 }   D:12 [}

Annotations:
D:11 3 runed translucent doors, Gadrel's ghost, journeyman OpFE
Lair:4 exclusion: oklob plant


Innate Abilities, Weirdness & Mutations

You are resistant to torment.
Your stone body is resilient. (AC +10)
You are immune to poison.
Your large and strong wings let you fly indefinitely.
You resist negative energy. (rN+)
You are resistant to electric shocks. (rElec)
You can survive without breathing.
You are immune to petrification.
You are immune to rotting.


Message History

The 19-headed hydra barely misses you.
The 19-headed hydra bites you but does no damage. x2
The 19-headed hydra bites you.
* * * LOW HITPOINT WARNING * * *
You block the 19-headed hydra's attack.
The 19-headed hydra bites you but does no damage.
The 19-headed hydra barely misses you.
The 19-headed hydra bites you but does no damage. x3
You slice one of the 19-headed hydra's heads off!
The 18-headed hydra grows two more!
You slice the 20-headed hydra!!
The 20-headed hydra is severely wounded.
The 20-headed hydra bites you!
* * * LOW HITPOINT WARNING * * *
You block the 20-headed hydra's attack. The 20-headed hydra bites you!
* * * LOW HITPOINT WARNING * * *
You block the 20-headed hydra's attack.
The 20-headed hydra closely misses you. x2
You block the 20-headed hydra's attack.
The 20-headed hydra bites you but does no damage. x2
The 20-headed hydra bites you.
You die...

...........P#
##..#......#
#..........#
##..#......# ##.
#.##.....## ....
##.###...P###....
##..# ##....#.....
....... #..##
##........# .......
#### #..##
#.#.@D##...#
##...... .#P#
##..####....####..
#.....P. #..# #...#
##..#.#....##.###...
...## ##...#
###..#........##...
....###...## ####
#......#....
...##P##.##
##........†
#........###
#..........
##....#....#
###..##..#.#.
#........##
#.#.###...#..


You could see a 20-headed hydra.

Vanquished Creatures
  A minotaur (Gauntlet)
  Erolcha (D:11)
  A ghost crab (Gauntlet)
  2 hydras
  2 two-headed ogres
  A queen ant (Gauntlet)
  A tengu warrior (D:10)
  7 elephants
  7 black mambas
  2 centaur zombies (D:11)
  A gargoyle (D:12)
  A komodo dragon (Lair:4)
  8 spiny frogs
  3 trolls
  24 blink frogs
  4 hippogriffs
  2 bog bodies (Lair:3)
  Sigmund (D:4)
  A wraith (D:10)
  A yak (shapeshifter) (Gauntlet)
  A wyvern (Lair:4)
  A hog (shapeshifter) (Gauntlet)
  16 yaks
  2 humans (D:7)
  A hungry ghost (D:7)
  A basilisk (Lair:3)
  Edmund (D:6)
  6 soldier ants (Gauntlet)
  20 water moccasins
  5 porcupines
  A sky beast (D:5)
  4 ice beasts
  A black bear (D:9)
  14 orc warriors
  6 necrophages
  4 phantoms
  10 ogres
  12 centaurs
  27 wolves
  11 crocodiles
  A big kobold (D:9)
  11 bullfrogs
  Blork the orc (D:4)
  3 scorpions
  12 killer bees (D:7)
  3 howler monkeys
  3 wights (D:12)
  4 electric eels (D:10)
  10 crimson imps
  4 hounds
  A quasit (D:9)
  3 bullfrog zombies
  16 orc priests
  8 orc wizards
  3 centaur skeletons
  A jelly (D:11)
  5 bullfrog skeletons
  A gnoll shaman (D:9)
  4 iguanas
  11 worker ants
  A hound zombie (D:11)
  A hound skeleton (D:8)
  3 worker ant zombies
  Robin (D:3)
  21 adders
  4 gnolls (D:9)
  A shadow imp (D:12)
  2 oozes
  2 adder zombies
  An adder skeleton (D:6)
  3 worms
  2 dart slugs
  5 leopard geckos
  64 orcs
  2 ball pythons
  6 bats
  3 giant cockroaches
  9 hobgoblins
  14 jackals
  2 quokkas
  4 frilled lizards
  17 goblins
  A jackal skeleton (D:5)
  10 kobolds
  3 leopard gecko skeletons
  7 rats
  5 fungi
  A plant (D:10)
515 creatures vanquished.

Vanquished Creatures (collateral kills)
  5 hydras
  A two-headed ogre (D:11)
  Sonja (D:12)
  An orc knight (D:12)
  A cyclops (D:12)
  A hippogriff (Lair:5)
  A yak (Lair:5)
  An orc warrior (D:12)
  A necrophage (D:12)
  A crimson imp (D:12)
  A hound (D:11)
  An orc wizard (D:12)
  A quokka (D:11)
17 creatures vanquished.

Vanquished Creatures (others)
  A jelly (D:5)
  12 fungi
  13 plants
26 creatures vanquished.

Grand Total: 558 creatures vanquished

Notes
Turn   | Place    | Note
-------+----------+-------------------------------------------
     0 | D:1      | Fang the Gargoyle Berserker began the quest for the Orb.
     0 | D:1      | Reached XP level 1. HP: 14/14 MP: 1/1
    70 | D:1      | Reached XP level 2. HP: 16/19 MP: 2/2
   399 | D:1      | Reached XP level 3. HP: 18/23 MP: 3/3
   878 | D:2      | Found a shimmering altar of Xom.
  1151 | D:2      | Found a basalt altar of Yredelemnul.
  1268 | D:2      | Found a white marble altar of Elyvilon.
  1573 | D:3      | Found a sparkling altar of Nemelex Xobeh.
  1620 | D:3      | Reached XP level 4. HP: 24/29 MP: 4/4
  1639 | D:3      | Noticed Robin
  1644 | D:3      | Reached ** piety under Trog
  1662 | D:3      | Killed Robin
  2152 | D:3      | Reached XP level 5. HP: 30/33 MP: 5/5
  2651 | D:3      | Reached XP level 6. HP: 36/39 MP: 6/6
  2706 | D:4      | Noticed Sigmund
  2714 | D:4      | Killed Sigmund
  2733 | D:4      | Reached skill level 5 in Fighting
  2733 | D:4      | Reached XP level 7. HP: 44/44 MP: 7/7
  2811 | D:4      | Noticed Blork the orc
  2814 | D:4      | Found a staircase to the Ecumenical Temple.
  2826 | D:4      | Killed Blork the orc
  2993 | Temple   | Entered the Ecumenical Temple
  3168 | D:4      | Found a shattered altar of Ashenzari.
  3651 | D:4      | Found a sacrificial altar of Ru.
  3740 | D:5      | Entered Level 5 of the Dungeon
  3803 | D:5      | Reached skill level 5 in Armour
  3985 | D:5      | Reached skill level 1 in Shields
  4101 | D:5      | Reached XP level 8. HP: 51/51 MP: 8/8
  4360 | D:5      | Reached skill level 5 in Axes
  4467 | D:5      | Reached *** piety under Trog
  5067 | D:7      | Reached XP level 9. HP: 46/56 MP: 9/9
  5708 | D:7      | Reached skill level 5 in Dodging
  5717 | D:7      | Reached **** piety under Trog
  6343 | D:7      | Found an iron altar of Okawaru.
  6552 | D:6      | Reached skill level 5 in Shields
  7067 | D:6      | Reached XP level 10. HP: 64/64 MP: 10/10
  7180 | D:6      | Noticed Edmund
  7201 | D:6      | Killed Edmund
  7839 | D:8      | Found Nugeepisk's General Store.
  7846 | D:8      | Bought a potion of heal wounds for 80 gold pieces
  8019 | D:8      | Found a hazy altar of Hepliaklqana.
  8322 | D:9      | Found Butuacku's Gadget Emporium.
  8412 | D:9      | Found a staircase to the Lair.
  8717 | D:9      | Noticed a two-headed ogre
  8731 | D:9      | Killed a two-headed ogre
  8827 | D:9      | Reached ***** piety under Trog
  9589 | D:10     | Entered Level 10 of the Dungeon
  9750 | D:10     | You fall into a shaft and drop 2 floors!
  9751 | D:12     | Noticed a gargoyle
  9767 | D:12     | Killed a gargoyle
  9767 | D:12     | Reached XP level 11. HP: 69/69 MP: 11/11
 10276 | D:12     | Noticed an orc knight
 10388 | D:12     | Noticed Sonja
 10448 | D:12     | Found Vauqufiu's Antique Armour Boutique.
 10485 | D:12     | Killed Sonja
 10505 | D:12     | Noticed a cyclops
 10519 | D:12     | Killed a cyclops
 10552 | D:12     | Killed an orc knight
 10967 | D:12     | Noticed a seven-headed hydra
 10978 | D:12     | Killed a ten-headed hydra
 11080 | D:12     | Found Xuxeules's Gadget Shoppe.
 11663 | D:11     | Noticed a two-headed ogre
 11663 | D:11     | Noticed a six-headed hydra
 11667 | D:11     | Killed a two-headed ogre
 11673 | D:11     | Killed a six-headed hydra
 11806 | D:11     | Found a runed translucent gate.
 11806 | D:11     | Found a runed translucent gate.
 11806 | D:11     | Found a runed translucent gate.
 11915 | D:11     | Noticed Gadrel's ghost (journeyman OpFE)
 11920 | D:11     | Noticed Erolcha
 11936 | D:11     | Killed Erolcha
 11936 | D:11     | Reached skill level 10 in Fighting
 12264 | D:10     | Reached XP level 12. HP: 77/77 MP: 12/12
 12480 | D:10     | Noticed a two-headed ogre
 12493 | D:10     | Killed a two-headed ogre
 12736 | D:10     | Reached skill level 10 in Armour
 12787 | D:10     | Found a staircase to the Orcish Mines.
 13189 | D:10     | Noticed a tengu warrior
 13226 | D:10     | Killed a tengu warrior
 13445 | Lair:1   | Entered Level 1 of the Lair of Beasts
 14464 | Lair:2   | Found a staircase to the Snake Pit.
 14555 | Lair:2   | HP: 3/80 [black mamba (7)]
 14986 | Lair:2   | Received a gift from Trog
 14986 | Lair:2   | Reached XP level 13. HP: 70/84 MP: 13/13
 15780 | Lair:3   | Reached skill level 10 in Shields
 16184 | Lair:3   | Found a staircase to the Swamp.
 16491 | Lair:3   | Reached skill level 10 in Axes
 17077 | Swamp:1  | Entered Level 1 of the Swamp
 17087 | Lair:4   | Found an iron altar of Okawaru.
 17317 | Lair:4   | Found a gate leading to a gauntlet.
 17334 | Gauntlet | Entered a Gauntlet
 17334 | Gauntlet | Found a transporter.
 17334 | Gauntlet | Found a runed translucent door.
 17335 | Gauntlet | Found a runed translucent door.
 17343 | Gauntlet | Found a transporter.
 17345 | Gauntlet | Found a transporter.
 17364 | Gauntlet | Found a transporter.
 17365 | Gauntlet | Found a transporter.
 17379 | Gauntlet | Found a transporter.
 17399 | Gauntlet | Found a transporter.
 17409 | Gauntlet | Found a transporter.
 17419 | Gauntlet | Found a transporter.
 17434 | Gauntlet | Found a transporter.
 17453 | Gauntlet | Found a transporter.
 17456 | Gauntlet | Found a transporter.
 17490 | Gauntlet | Received a gift from Trog
 17586 | Gauntlet | Found a transporter.
 17809 | Gauntlet | Noticed a minotaur
 17823 | Gauntlet | Killed a minotaur
 18677 | Lair:5   | Gained mutation: Your large and strong wings let you fly
                  | indefinitely. [Gargoyle growth]
 18677 | Lair:5   | Reached XP level 14. HP: 92/92 MP: 14/14
 19492 | Lair:5   | Found a viscous altar of Jiyva.
 19493 | Lair:5   | Found a staircase to the Slime Pits.
 19614 | Lair:5   | HP: 1/92 [20-headed hydra (8)]
 19614 | Lair:5   | Slain by a 20-headed hydra

Levels and vault maps discovered:
D:1:      tarquinn_simple_flora_water_b, layout_basic
D:2:      layout_loops_ring, kennysheep_ying_yang, xom_teletrap_fun
D:3:      layout_basic, nemelex_altar_shiori, first_ration,
          kennysheep_big_empty_room, uniq_robin
D:4:      layout_loops_ring, lemuel_doored_altar,
          nicolae_ru_the_path_less_chosen, temple_pool_b, uniq_sigmund,
          uniq_blork_the_orc
D:5:      layout_loops_ring
D:6:      kb_forest_paths, layout_rooms, uniq_edmund
D:7:      layout_basic, okawaru_humans
D:8:      layout_gridville, overflow_temple_1_default, serial_shops,
          nicolae_shop_waterfront
D:9:      layout_roguey, lair_entry_dummy, serial_shops, shop
D:10:     wad_lake_hut, layout_basic, erik_orc_3, minivault_23, grunt_tengu_nest
D:11:     layout_roguey, gammafunk_ghost_icy, kennysheep_nondescript,
          uniq_erolcha
D:12:     layout_roguey [special_room_orc], serial_shops,
          nicolae_shop_behind_doors, kennysheep_mini, uniq_sonja
Temple:   eino_temple_scatter_basement
Lair:1:   layout_roguey
Lair:2:   layout_chaotic_city, minmay_snake_entry_six_corridors
Lair:3:   layout_gridlike, skrybe_swamp_entry_bodies, roderic_carrion_pond,
          infiniplex_staircase_pool_2, serial_bayou_shore_a
Lair:4:   layout_regular_city, gauntlet_entry_generic, lemuel_oklob_altar,
          lemuel_fruit_fields, grunt_megastairs_3
Lair:5:   layout_misc_corridors, dpeg_slime_entry_enclosed_altar
Swamp:1:  layout_falls_marsh, serial_swamp_ruin, evilmike_swamp_ruin_rubble_1,
          evilmike_swamp_ruin_rubble_2, evilmike_swamp_ruin_house_2,
          infiniplex_staircase_pool

Skill      XL: |  1  2  3  4  5  6  7  8  9 10 11 12 13 14 |
---------------+-------------------------------------------+-----
Axes           | 3 4 5 6 7 8 9 10 | 10.6
Dodging        | 2 3 4 5 6 7 8 9 |  9.5
Armour         | 3 4 5 6 7 8 9 10 12 | 12.2
Fighting       | 4 5 6 7 8 10 11 12 | 12.3
Shields        | 1 3 5 6 8 9 10 11 | 11.2

Action                   |  1- 3 |  4- 6 |  7- 9 | 10-12 | 13-15 || total
-------------------------+-------+-------+-------+-------+-------++-------
Melee: Hand axe          |   155 |   137 |   797 |   826 |       ||  1915
       War axe           |       |       |       |   749 |   628 ||  1377
Invok: Berserk           |       |     3 |     9 |    13 |     9 ||    34
       Trog's Hand       |       |     1 |     1 |     5 |     1 ||     8
       Brothers in Arms  |       |       |       |     5 |     7 ||    12
 Abil: Fly               |       |       |       |       |     1 ||     1
  Use: Scroll            |       |       |       |    26 |     6 ||    32
       Potion            |       |       |       |     1 |     1 ||     2
  Eat: Chunk             |     2 |     7 |    20 |    34 |    17 ||    80
       Ration            |       |       |     3 |     3 |     3 ||     9
Armor: Chain mail        |   106 |    86 |   435 |       |       ||   627
       Plate armour      |       |       |    42 |   922 |   683 ||  1647
Dodge: Dodged            |    83 |    77 |   137 |   278 |   323 ||   898
Block: Large shield      |       |       |   553 |  1440 |   967 ||  2960
